[Event "Azerbaijan-ch-Women-2025"]
[Site "Baku"]
[Date "2025.02.04"]
[Round "1.1"]
[White "Beydullayeva, Govhar"]
[Black "Rzali, Sabina"]
[Result "1-0"]
[Annotator "TA"]
[ECO "D35"]
[WhiteElo "2404"]
[BlackElo "2027"]
[PlyCount "119"]
[EventDate "2025.01.08"]
[EventType "k.o."]
[EventCountry "AZE"]
[SourceTitle "playchess.com"]
[Source "ChessBase"]
[SourceQuality "1"]
[TimeControl "40/5400+30:1800+30"]

1. d4 d5 2. c4 e6 3. Nc3 Nf6 4. cxd5 exd5 5. Bg5 Be7 6. e3 c6 7. Bd3 Nbd7 8. Nf3 Ne4 9. Bf4 Ndf6 {[%emt 0:00:00] D35: Queen's Gambit Declined: Exchange Variation.} 10. Qc2 Nd6 11. h3 Be6 $146 {[%emt 0:00:00] The position is equal.} (11... O-O 12. g4 g6 13. O-O-O Re8 14. Ne5 Nfe4 15. f3 Nxc3 16. bxc3 Be6 17. h4 Nc4 18. Bxc4 dxc4 {1-0 Percivaldi,M (2391)-Neelash,S (2334) Wch U20 58th 2019 (8)}) 12. O-O Qc8 13. Rfe1 O-O 14. Rac1 h6 {[%emt 0:00:00] Prevents Ng5.} 15. Ne5 Bf5 16. Na4 Bxd3 17. Nxd3 Re8 18. f3 Bf8 (18... Nh5 $5) 19. Nac5 Nf5 20. Qc3 Rd8 21. Nb3 Re8 22. Nbc5 Rd8 23. Nb3 Re8 24. Ndc5 b6 25. Nd3 Qa6 $1 26. Be5 Nd7 (26... Qxa2 $2 27. Ra1 $18) 27. e4 dxe4 (27... Nxe5 {is more appropriate.} 28. Nxe5 Ne7) 28. fxe4 $11 Ne7 29. Bg3 Rac8 30. a3 Nf6 {[%emt 0:00:41] [#]} (30... Ng6 $11) 31. Ne5 $1 $16 Qb5 32. Nd2 Red8 33. Ndf3 Ne8 34. b4 {[%emt 0:01:02] White is more active.} ({White should play} 34. Qc2 $16) 34... Qa4 (34... c5 $1 $14) 35. Bh4 (35. Qc4 $18 Nd6 36. Qa2) 35... g5 $2 (35... c5 $16 {is more resistant.}) 36. Bf2 (36. Bxg5 $142 hxg5 37. Nxg5) 36... Nd6 (36... Bg7 $142 37. Qd3 Nf6) 37. Qb2 Bg7 {[%emt 0:00:36] [#]} 38. h4 $1 f6 $2 (38... gxh4 39. Bxh4 Re8) 39. Qa2+ $18 Kh7 40. Nf7 (40. hxg5 fxe5 41. dxe5) 40... Nxf7 41. Qxf7 {[%emt 0:00:53] White attacks} Ng6 42. Rc3 g4 (42... Nf4 43. Bg3 c5) 43. Nh2 (43. h5 Nh8 44. Qe6 gxf3 $17) 43... h5 44. Nf1 Rf8 $2 (44... c5 45. Ng3 (45. bxc5 Rxd4 46. c6 Rxe4 $14) (45. dxc5 Qd7 $16) 45... Qe8 46. Qxa7 Nxh4 47. Qxb6 (47. bxc5 Rc6 $18) 47... cxd4 48. Rxc8 (48. Bxd4 Rxc3 49. Bxc3 Rc8 $16) 48... Rxc8 49. Qxd4 Ra8) 45. Qd7 Qb5 {[%emt 0:05:10] Prevents Qf5.} 46. d5 (46. Qxa7 f5 $16) 46... Ne5 47. Qf5+ (47. Qxa7 f5 $14) 47... Kg8 48. Bd4 (48. Qxh5 cxd5 49. Rxc8 Rxc8 $14) 48... Nd3 (48... a5 {was necessary.} 49. bxa5 (49. Qxh5 axb4 50. axb4 Qxb4 $16) (49. Bxe5 fxe5 50. Qe6+ Kh7 $18) 49... Qxa5) 49. Rd1 {[%emt 0:04:14] White is clearly winning.} Nb2 50. Rb1 ({Much less strong is} 50. Rdc1 Nd3 51. R1c2 (51. dxc6 Qxf5 52. exf5 Nxc1 $17) (51. Rxc6 Nxc1 52. Qe6+ Kh7 $11) (51. Qe6+ Kh8 $18) 51... a5 52. bxa5 (52. Rxc6 Rxc6 53. Rxc6 axb4 $18) (52. dxc6 Qxf5 53. exf5 Nf4 $18) (52. Qxh5 axb4 53. axb4 Nxb4 $16) 52... bxa5) 50... Na4 51. Rcc1 Qd3 52. Rd1 Qc4 53. Qxh5 c5 54. Rbc1 Qb3 55. bxc5 bxc5 56. Qxg4 Qxa3 57. h5 {[%emt 0:00:40] Hoping for h6.} Kh8 58. Ba1 Rc7 59. Qg6 f5 60. d6 {[%emt 0:01:00] Weighted Error Value: White=0.58/Black=0.92  Loses game:     	---       	Black=1      Mistake:       	White=4     	Black=8      Inaccurate:     	White=3     	Black=3      OK:         	White=17    	Black=12     Best:        	---       	Black=1      Strong:       	White=2     	Black=1} 1-0

[Event "Azerbaijan-ch-Women-2025"]
[Site "Baku"]
[Date "2025.02.04"]
[Round "1.1"]
[White "Balajayeva, Khanim"]
[Black "Hajiyeva, Laman"]
[Result "1-0"]
[Annotator "TA"]
[ECO "D45"]
[WhiteElo "2355"]
[BlackElo "2079"]
[PlyCount "61"]
[EventDate "2025.01.08"]
[EventType "k.o."]
[EventCountry "AZE"]
[SourceTitle "playchess.com"]
[Source "ChessBase"]
[SourceQuality "1"]
[TimeControl "40/5400+30:1800+30"]

1. c4 c6 2. Nf3 d5 3. e3 Nf6 4. Nc3 e6 5. b3 Bd6 6. Bb2 O-O 7. d4 Nbd7 8. Be2 b6 9. O-O Bb7 10. Qc2 Rc8 11. Rad1 {[%emt 0:04:29] D45: Semi-Slav: 5 e3.} Qe7 12. e4 dxe4 13. Nxe4 {[%emt 0:00:55] The position is equal.} Nxe4 14. Qxe4 Nf6 15. Qc2 Rfd8 16. Rfe1 h6 17. Bd3 Qf8 18. h3 a5 $146 (18... Bb4 19. Re2 Ba3 20. Bxa3 Qxa3 21. Ne5 Qb4 22. Red2 Qe7 23. Qc3 Qc7 24. Bc2 c5 25. dxc5 Rxd2 26. Rxd2 Qxc5 {½-½ Billio,M (1967)-Mostowik,D (2103) ZI-2015-0-02100}) 19. Nh4 Rd7 (19... Ra8 $11) 20. Qc1 $14 Rcd8 21. Bb1 Be7 {[%emt 0:03:37] [#]} 22. Qc2 $1 {[%emt 0:03:33][%cal Od4d5] White is more active.} g6 23. Rd3 Ne8 $2 {[%emt 0:01:52] [#] Black cannot hold the game after this.} (23... Qg7 $16) 24. Nxg6 $1 $18 fxg6 25. Rg3 (25. Rxe6 Rd6 26. Rde3 Rxe6 27. Rxe6 Qf7 28. Rxg6+ Kf8 29. Rxh6 Bf6) 25... Bf6 26. Qxg6+ ({Less strong is} 26. Rxe6 Rg7 27. Rxg6 b5 $18) 26... Rg7 27. Qxh6 Rdd7 $2 (27... Bc8 28. Ree3 Kf7 29. Bg6+ Ke7) 28. Bg6 ({And not} 28. Rxe6 Rxg3 29. Qxf8+ Kxf8 $15) 28... Nc7 29. Ree3 Qd8 30. Ref3 {[%emt 0:01:53][%cal Od4d5] Threatens to win with d5!.} c5 31. Bh7+ {[%emt 0:00:39] Weighted Error Value: White=0.08 (flawless) /Black=1.37  Loses game:     	---       	Black=1      Mistake:       	---       	Black=2      Inaccurate:     	White=1     	Black=3      OK:         	White=5     	Black=2      Best:        	White=2     	Black=1      Strong:       	White=1     	---        Brilliant:      	White=1     	---} (31. d5 $142 e5 32. Bh7+ Kf8 33. Rxf6+ (33. Qxf6+ Qxf6 34. Rxf6+ Rdf7 $18) 33... Qxf6 34. Qxf6+ Rdf7 35. Qd6+ (35. Rxg7 Rxf6 36. Rxc7 Rf7 $18) (35. Qxb6 Rxg3 36. fxg3 Bc6 $18) 35... Ke8 36. Bg6 (36. Bxe5 Rxg3 37. Bxg3 Rxh7 $18) (36. Qxe5+ Re7 $18) 36... Bxd5 37. cxd5 (37. Qxc7 Bc6 38. Rd3 Kf8 39. Rd8+ Be8 40. Qd6+ Kg8 41. Rxe8+ Rf8 42. Rxf8#)) 1-0

[Event "Azerbaijan-ch-Women-2025"]
[Site "Baku"]
[Date "2025.02.04"]
[Round "1.1"]
[White "Allahverdiyeva, Ayan"]
[Black "Mamedjarova, Zeinab"]
[Result "0-1"]
[Annotator "NA RC"]
[ECO "C79"]
[WhiteElo "2284"]
[BlackElo "2145"]
[PlyCount "80"]
[EventDate "2025.01.08"]
[EventType "k.o."]
[EventCountry "AZE"]
[SourceTitle "playchess.com"]
[Source "ChessBase"]
[SourceQuality "1"]
[TimeControl "40/5400+30:1800+30"]

1. e4 e5 2. Nf3 Nc6 3. Bb5 a6 4. Ba4 b5 5. Bb3 Na5 6. O-O d6 7. c3 Nxb3 8. axb3 Nf6 9. Re1 Bb7 10. d4 exd4 11. cxd4 Be7 12. d5 O-O 13. Nd4 Re8 14. b4 Nd7 15. Nd2 Ne5 16. Ra3 c6 17. Rh3 g6 18. Qb3 cxd5 19. exd5 Rc8 20. N4f3 Nxf3+ 21. Qxf3 Bg5 22. Qd1 Rxe1+ 23. Qxe1 Qe7 24. Qd1 Rxc1 25. Qxc1 Qe2 26. Re3 Bxe3 27. fxe3 Qxe3+ 28. Kf1 Qd3+ 29. Kg1 Qd4+ 30. Kh1 Qxb4 31. Nf1 Bxd5 32. Ne3 Be6 33. h3 Qf4 34. Qc3 b4 35. Qd3 a5 36. b3 h5 37. Nf1 Bxb3 38. Nd2 Be6 39. Ne4 d5 40. Nc5 Qc1+ 0-1

[Event "Azerbaijan-ch-Women-2025"]
[Site "Baku"]
[Date "2025.02.04"]
[Round "1.1"]
[White "Abdinova, Narmin"]
[Black "Ibrahimova, Sabina"]
[Result "1/2-1/2"]
[Annotator "TA"]
[ECO "E05"]
[WhiteElo "2186"]
[BlackElo "2177"]
[PlyCount "136"]
[EventDate "2025.01.08"]
[EventType "k.o."]
[EventCountry "AZE"]
[SourceTitle "playchess.com"]
[Source "ChessBase"]
[SourceQuality "1"]
[TimeControl "40/5400+30:1800+30"]

1. d4 Nf6 2. c4 e6 3. g3 Be7 4. Bg2 d5 5. Nf3 O-O 6. O-O dxc4 7. Qc2 a6 8. a4 Bd7 9. Qxc4 Bc6 10. Bg5 Nbd7 11. Nc3 h6 12. Bxf6 {[%emt 0:01:40] E05: Open Catalan: 5 Nf3 Be7.} Nxf6 13. Rfe1 Ne4 14. Qd3 {[%emt 0:08:11] White is slightly better.} Nxc3 15. bxc3 b5 $146 {[%emt 0:02:48] [#]} (15... Rb8 $14) (15... Bf6 16. a5 Qd7 17. e4 b5 18. axb6 cxb6 19. Bh3 Qb7 20. d5 Bb5 21. Qc2 exd5 {½-½ Leite,D (2412)-De Oliveira,M (2543) CADAP-ch20 zt final email 2008}) 16. Ng5 $1 $16 hxg5 17. Bxc6 Rb8 {[%emt 0:00:01] Black is weak on the light squares} 18. axb5 {[%emt 0:00:32] White is more active.} axb5 19. Bxb5 {[%emt 0:01:51][%csl Oc7] Black has weak pawns} g6 20. Reb1 Kg7 21. Bc4 Rxb1+ 22. Rxb1 Rh8 23. Rb7 (23. Qe4 Qa8 24. Qe5+ Bf6 25. Qc5) 23... Qc8 24. Qe4 Bd6 {[%emt 0:03:17] Prevents Qe5+} 25. Bd3 Qa8 26. Rb1 {[%emt 0:24:14] Prevents Qa1} e5 27. Qe3 (27. Rb5 Qxe4 28. Bxe4 g4 29. Bd5) 27... Qc8 28. Qxg5 Qh3 29. Be4 (29. dxe5 $2 Qxh2+ 30. Kf1 Qh1#) 29... Qxh2+ 30. Kf1 {[%emt 0:00:01] Really sharp!} Qh3+ 31. Bg2 Qe6 32. Qe3 Qa2 33. Rc1 Qe6 34. dxe5 Bxe5 35. f4 Bd6 36. Qd4+ (36. Qxe6 {simplifies} fxe6 37. e3 Kf6 38. Kf2) 36... f6 37. c4 Re8 38. Rc2 Qf5 39. e4 (39. Rd2 {is more complex.} g5 40. e4 Qa5 41. Bf3) 39... Qc5 40. Qxc5 Bxc5 $14 {[%emt 0:00:00][%mdl 4096] Endgame KRB-KRB. White is a pawn up.} 41. Rd2 c6 42. Ke2 Re7 43. Kf3 Ra7 44. Kg4 Be3 (44... Ra3 $11) 45. Rd3 (45. Rd6 $5) 45... Bf2 46. e5 fxe5 47. Bxc6 exf4 48. gxf4 Rc7 49. Rd6 Bc5 50. Re6 Re7 51. Re5 Rxe5 (51... Bd6 $11) 52. fxe5 $11 {[%emt 0:00:07] KB-KB. White is a pawn up.} Kf7 53. Kf4 Ke6 54. Ke4 g5 55. Bd5+ Ke7 56. Kf5 Bd4 57. Bf3 Be3 58. Bg4 Bd4 59. Ke4 Bf2 60. Kd5 Be3 61. c5 Bf2 62. Kc6 Bg3 63. Kd5 {[%emt 0:00:12] [#]} Bf2 64. c6 {[%emt 0:06:35] White wants to mate with c7.} Bb6 65. Ke4 Bc7 66. Kd4 Bb6+ 67. Kd5 Bc7 68. e6 ({White should try} 68. Bh3 $16) 68... Bf4 {[%emt 0:00:31] Weighted Error Value: White=0.09 (flawless) /Black=0.10 (very precise)   Mistake:       	White=1     	Black=3      Inaccurate:     	White=6     	Black=3      OK:         	White=14    	Black=18     Best:        	White=3     	Black=3      Brilliant:      	White=1     	---} 1/2-1/2

[Event "Azerbaijan-ch-Women-2025"]
[Site "Baku"]
[Date "2025.02.04"]
[Round "1.1"]
[White "Kazimova, Narmin"]
[Black "Mamedjarova, Turkan"]
[Result "1-0"]
[Annotator "NA RC"]
[ECO "A18"]
[WhiteElo "2167"]
[BlackElo "2197"]
[PlyCount "39"]
[EventDate "2025.01.08"]
[EventType "k.o."]
[EventCountry "AZE"]
[SourceTitle "playchess.com"]
[Source "ChessBase"]
[SourceQuality "1"]
[TimeControl "40/5400+30:1800+30"]

1. c4 Nf6 2. Nc3 e6 3. e4 d5 4. e5 Nfd7 5. cxd5 exd5 6. d4 Nb6 7. Bd3 Be7 8. Nge2 c5 9. O-O Nc6 10. dxc5 Bxc5 11. Nf4 Nxe5 12. Re1 Qf6 13. Ncxd5 Qd6 14. b4 Bxf2+ 15. Kxf2 O-O 16. Bxh7+ Kh8 17. Qh5 Ng4+ 18. Kg1 Nh6 19. Bd3 Bg4 20. Qe5 1-0

[Event "Azerbaijan-ch-Women-2025"]
[Site "Baku"]
[Date "2025.02.04"]
[Round "1.1"]
[White "Ismayil, Malak"]
[Black "Mammadova, Gulnar"]
[Result "0-1"]
[Annotator "TA"]
[ECO "A25"]
[WhiteElo "2122"]
[BlackElo "2333"]
[PlyCount "82"]
[EventDate "2025.01.08"]
[EventType "k.o."]
[EventCountry "AZE"]
[SourceTitle "playchess.com"]
[Source "ChessBase"]
[SourceQuality "1"]
[TimeControl "40/5400+30:1800+30"]

1. c4 Nf6 2. g3 e5 3. Bg2 Nc6 4. Nc3 Bb4 5. Nd5 Nxd5 6. cxd5 Ne7 7. e3 O-O 8. a3 Bd6 9. Ne2 {[%emt 0:00:23][%cal Bg1e2,Be2d4,Bd4b5][%mdl 32] White is slightly better.} b6 10. d4 exd4 11. Nxd4 Ba6 12. Qa4 Qc8 13. Nb5 Bb7 14. Qb3 (14. Nxa7 $2 Qb8 (14... Nxd5 15. Nxc8 Rxa4 16. Nxd6 $16) 15. O-O Rxa7 $19 (15... Qxa7 $2 16. Qd1 $19)) 14... Be5 15. f4 c6 16. Nxa7 Rxa7 17. fxe5 cxd5 18. Qxb6 Ra6 (18... d4 19. Bxb7 Rxb7 20. Qxd4) 19. Qb3 Re6 ({Better is} 19... Rc6 $11 20. Bd2 (20. O-O Rc2 $11) 20... Ba6) 20. O-O $14 Ba6 21. Re1 Qc7 22. Bd2 Rb8 23. Bb4 $1 Rxe5 24. Rac1 Qb6 25. Qc3 Qe6 26. Bh3 {[%emt 0:00:00] A strong pair of Bishops.} f5 {[%emt 0:01:56] [#]} (26... Nf5 $142) 27. Bc5 ({White should try} 27. Qd2 $1) 27... Rc8 (27... Nc6 $142) 28. Qd2 $16 Nc6 29. Bg2 Bc4 {[%emt 0:06:23] [#]} 30. b3 $1 Bxb3 31. Bd4 Re4 32. Bxe4 fxe4 {[%emt 0:00:17] [#]} 33. Bxg7 $2 {[%emt 0:03:29] This move loses the game for White.} Kxg7 $19 34. Qb2+ {[%emt 0:00:27] [#]} d4 $1 35. exd4 {[%emt 0:00:03] Strongly threatening d5+.} Bd5 {[%emt 0:00:16] ...e3 is the strong threat.} 36. Re3 (36. Qc3 {keeps fighting.}) 36... Rf8 37. a4 Qf6 {[%emt 0:00:44][%cal Oc6b4] Hoping for ...Nb4!} 38. Rd1 Ne7 {[%emt 0:00:19] ...Nf5 would now be deadly.} 39. a5 $2 (39. Qc2 {might work better.}) 39... Nf5 40. Re2 {[%emt 0:00:00] White is weak on the light squares} (40. Rf1 $142 Nxe3 (40... Qxd4 41. Qxd4+ Nxd4 42. Rxf8 $11) 41. Rxf6 Rxf6 42. h4 Rf1+ 43. Kh2 Ng4+ 44. Kg2 Rf2+ 45. Qxf2 Nxf2 46. Kxf2) 40... e3 {[%emt 0:00:00][%cal Of5g3] ( -> ...Nxg3!)} 41. Rf1 Bc4 {[%emt 0:04:27] Weighted Error Value: White=0.46/Black=0.19 (very precise) .  Loses game:     	White=1     	---        Mistake:       	White=4     	Black=3      Inaccurate:     	White=2     	Black=4      OK:         	White=9     	Black=13     Best:        	White=3     	Black=2      Strong:       	White=1     	---        Brilliant:      	---       	Black=1} ({Weaker is} 41... Qxd4 42. Rf4 Qxb2 43. Rxb2 $17) 0-1

[Event "Azerbaijan-ch-Women-2025"]
[Site "Baku"]
[Date "2025.02.04"]
[Round "1.1"]
[White "Aghaverdiyeva, Maryam"]
[Black "Fataliyeva, Ulviyya"]
[Result "0-1"]
[Annotator "TA"]
[ECO "C57"]
[WhiteElo "2031"]
[BlackElo "2381"]
[PlyCount "70"]
[EventDate "2025.01.08"]
[EventType "k.o."]
[EventCountry "AZE"]
[SourceTitle "playchess.com"]
[Source "ChessBase"]
[SourceQuality "1"]
[TimeControl "40/5400+30:1800+30"]

1. e4 e5 2. Nf3 Nc6 3. Bc4 Nf6 4. Ng5 d5 5. exd5 b5 6. Bxb5 Qxd5 7. Nc3 Qxg2 8. Qf3 Qxf3 9. Nxf3 Bd7 10. d3 a6 {[%emt 0:08:12] C57: Two Knights: Wilkes-Barre/Traxler and 4 Ng5 d5 5 exd5, unusual Black 5th moves.} 11. Bc4 Bg4 $146 (11... Rb8 12. a3 h6 13. h3 a5 14. Nb5 Bd6 15. Rg1 Rg8 16. Nxd6+ cxd6 17. h4 Bg4 18. Nh2 {1-0 Balonyi,R-Papp,A (1871) HUN-chT2 Breyer 0910 2009 (4)}) 12. Ng5 Bh5 {[%emt 0:15:43] The position is equal.} 13. Nd5 Bd6 14. Nxf6+ gxf6 15. Ne4 (15. Bd5 Nd4 16. Bxa8 Nxc2+ 17. Kd2) 15... Be7 16. Bd5 Kd7 17. Be3 {[%emt 0:00:34] Inhibits Nd4.} Rab8 $1 18. Ng3 Bg4 19. Bxf7 (19. h3 $11 Be6 20. Bxe6+ fxe6 21. O-O-O) 19... f5 $1 $17 20. f3 Bh3 21. f4 exf4 (21... Rxb2 {looks sharper.} 22. Kd2 exf4 23. Bxf4 Nd4) 22. Bxf4 Rxb2 23. Bb3 Re8 {[%emt 0:00:17] Black has strong rooks and is better} 24. O-O-O Ba3 25. Kd2 Nd4 {[%emt 0:03:09][%cal Oh7h5] Black is more active.} 26. Kc3 $2 {[%emt 0:00:21] Loses the game.} (26. Bh6 $17) 26... Nxb3 $19 27. axb3 {[%emt 0:00:20] [#] aiming for Ra1.} Re6 $1 {[%emt 0:00:22] and ...Rc6+ would now be decisive} 28. Bc1 $2 (28. d4 {might work better.} Rc6+ 29. Kd3) 28... Rc6+ 29. Kd4 {[%emt 0:00:08] [#]} Bc5+ $1 30. Kc3 Ra2 {[%emt 0:00:29] ( -> ...Bb6+)} 31. b4 (31. d4 $142 Bd6+ 32. Kd3) 31... Bf2+ 32. Kb3 Raxc2 33. Bb2 {[%emt 0:00:46] Prevents R6c3+.} Bg2 {[%emt 0:00:32] ( -> ...Bd5+)} 34. Nxf5 Bd5+ {[%emt 0:00:07] A strong pair of Bishops.} 35. Ka3 R6c3+ {[%emt 0:00:05] Weighted Error Value: White=0.68/Black=0.03 (flawless)   Loses game:     	White=1     	---        Mistake:       	White=3     	---        Inaccurate:     	White=1     	---        OK:         	White=6     	Black=6      Best:        	White=5     	Black=4      Strong:       	---       	Black=4} 0-1

[Event "Azerbaijan-ch-Women-2025"]
[Site "Baku"]
[Date "2025.02.04"]
[Round "1.1"]
[White "Huseynova, Lala"]
[Black "Mammadzada, Gunay"]
[Result "0-1"]
[Annotator "TA"]
[ECO "B80"]
[WhiteElo "1972"]
[BlackElo "2412"]
[PlyCount "68"]
[EventDate "2025.01.08"]
[EventType "k.o."]
[EventCountry "AZE"]
[SourceTitle "playchess.com"]
[Source "ChessBase"]
[SourceQuality "1"]
[TimeControl "40/5400+30:1800+30"]

1. e4 c5 2. Nf3 d6 3. d4 cxd4 4. Nxd4 Nf6 5. Nc3 a6 6. Be3 e6 7. a3 {[%emt 0:00:41] B80: Sicilian Scheveningen: 6 g3 and 6 Be3, including English Attack.} Nc6 8. f4 Qc7 9. Be2 {[%emt 0:06:19] White is slightly better.} Be7 10. g4 d5 11. e5 Ne4 12. Nxe4 dxe4 13. g5 $146 (13. Nxc6 Qxc6 14. Qd4 O-O 15. Qc4 Qxc4 16. Bxc4 b5 17. Ba2 Bb7 18. O-O-O Rfd8 19. Bb6 {½-½ Bosiocic,M (2597)-Arsovic,Z (2427) BIH-chT 17th 2018 (7.5)}) 13... h6 14. Nxc6 Qxc6 15. h4 Bd7 16. Qd2 hxg5 17. fxg5 Qc7 18. O-O-O Ba4 19. Kb1 $1 Rd8 $132 {[%emt 0:00:00][%mdl 2048] Black is fighting back} 20. Qc1 (20. Bd4 Rxd4 21. Qxd4 Bxc2+ (21... Qxc2+ 22. Ka1 $11) 22. Ka2 Bxd1 23. Bxd1 Qc6 $15) 20... Rc8 21. Rd2 (21. b3 $14) 21... Bc5 $11 22. Bxc5 Qxc5 23. Rh3 {[%emt 0:02:59] [#] Hoping for Rc3.} Qxe5 {[%emt 0:00:00] Black is more active.} ({Of course not} 23... e3 $6 24. Rxe3 O-O (24... Qxe3 25. Rd8+ Rxd8 26. Qxe3 $14) 25. Re4 $14) 24. Qg1 Qc5 25. Qxc5 {[%emt 0:01:27] White does not recover from this.} (25. Qc1 $17 Qf5 (25... e3 26. Rxe3 Qxe3 27. Rd8+ Ke7 28. Rd7+ Kxd7 29. Qxe3 $11) 26. Bf1) 25... Rxc5 $19 26. b3 Bc6 {[%emt 0:00:00] and ...Rxg5 should not be overlooked} 27. Bg4 Ke7 28. Rf2 Rd8 29. Bh5 Rf5 30. Re2 {[%emt 0:00:39] [#]} (30. Rg2) 30... g6 {[%emt 0:00:00] Black is clearly winning.} 31. Bg4 Rf1+ 32. Kb2 Rg1 33. h5 Rxg4 34. hxg6 Rxg5 {[%emt 0:00:11] Weighted Error Value: White=0.33/Black=0.11 (very precise)   Mistake:       	White=3     	---        Inaccurate:     	White=2     	Black=4      OK:         	White=6     	Black=12     Best:        	White=1     	---        Strong:       	White=1     	---} 0-1

[Event "Azerbaijan-ch-Women-2025"]
[Site "Baku"]
[Date "2025.02.05"]
[Round "1.2"]
[White "Mammadzada, Gunay"]
[Black "Huseynova, Lala"]
[Result "0-1"]
[Annotator "RC"]
[ECO "D35"]
[WhiteElo "2412"]
[BlackElo "1972"]
[PlyCount "68"]
[EventDate "2025.01.08"]
[EventType "k.o."]
[EventCountry "AZE"]
[SourceTitle "playchess.com"]
[Source "ChessBase"]
[SourceQuality "1"]
[TimeControl "40/5400+30:1800+30"]

1. d4 d5 2. c4 e6 3. Nc3 Be7 4. cxd5 exd5 5. Bf4 Nf6 6. e3 O-O 7. Bd3 c5 8. Nge2 Nc6 9. O-O Bg4 10. dxc5 Bxc5 11. h3 Bxe2 12. Nxe2 d4 13. e4 Nd7 14. Rc1 a5 15. a3 Qb6 16. Qd2 a4 17. Ng3 Rac8 18. Rc2 Nce5 19. Bxe5 Nxe5 20. Rfc1 Rc6 21. f4 Nxd3 22. Qxd3 Rfc8 23. Kf1 Qb3 24. Ke2 b6 25. Qxb3 axb3 26. Rd2 g6 27. Kf3 Be7 28. Rxc6 Rxc6 29. Rd3 Rc3 30. Ke2 Rc2+ 31. Kf3 Rxb2 32. Ne2 Rb1 33. Kf2 b2 34. Rb3 d3 0-1

[Event "Azerbaijan-ch-Women-2025"]
[Site "Baku"]
[Date "2025.02.05"]
[Round "1.2"]
[White "Fataliyeva, Ulviyya"]
[Black "Aghaverdiyeva, Maryam"]
[Result "1-0"]
[Annotator "RC"]
[ECO "E12"]
[WhiteElo "2381"]
[BlackElo "2031"]
[PlyCount "85"]
[EventDate "2025.01.08"]
[EventType "k.o."]
[EventCountry "AZE"]
[SourceTitle "playchess.com"]
[Source "ChessBase"]
[SourceQuality "1"]
[TimeControl "40/5400+30:1800+30"]

1. d4 Nf6 2. Nf3 e6 3. Bf4 b6 4. e3 Bb7 5. c4 Bb4+ 6. Nfd2 O-O 7. a3 Be7 8. Nc3 c5 9. dxc5 bxc5 10. Qc2 d5 11. Bd3 d4 12. Nce4 Nxe4 13. Bxe4 Bxe4 14. Qxe4 Nd7 15. O-O e5 16. Bxe5 Nxe5 17. Qxe5 Bf6 18. Qxc5 dxe3 19. Qxe3 Re8 20. Ne4 Bxb2 21. Ra2 Rb8 22. Re1 f5 23. Rxb2 Rxe4 24. Rxb8 Qxb8 25. Qc1 Qb2 26. g3 Rxe1+ 27. Qxe1 Kf7 28. Qb4 Qa1+ 29. Kg2 Qd4 30. Qb7+ Kf6 31. Qc6+ Ke7 32. h4 h5 33. Qg6 Qg4 34. Qxg4 hxg4 35. Kf1 Kd6 36. Ke2 Kc5 37. Kd3 g6 38. Kc3 a6 39. Kd3 a5 40. Kc3 a4 41. Kd3 Kc6 42. Kd4 Kd6 43. c5+ 1-0

[Event "Azerbaijan-ch-Women-2025"]
[Site "Baku"]
[Date "2025.02.05"]
[Round "1.2"]
[White "Mammadova, Gulnar"]
[Black "Ismayil, Malak"]
[Result "1-0"]
[Annotator "RC"]
[ECO "C70"]
[WhiteElo "2333"]
[BlackElo "2122"]
[PlyCount "35"]
[EventDate "2025.01.08"]
[EventType "k.o."]
[EventCountry "AZE"]
[SourceTitle "playchess.com"]
[Source "ChessBase"]
[SourceQuality "1"]
[TimeControl "40/5400+30:1800+30"]

1. e4 e5 2. Nf3 Nc6 3. Bb5 a6 4. Ba4 b5 5. Bb3 Na5 6. O-O d6 7. d4 exd4 8. Nxd4 Bb7 9. Bd2 c5 10. Bd5 Bxd5 11. exd5 b4 12. Re1+ Ne7 13. Nf5 Nc4 14. Bf4 Qd7 15. Qd3 Nxb2 16. Qe4 Kd8 17. Nxd6 Nc8 18. Nb7+ 1-0

[Event "Azerbaijan-ch-Women-2025"]
[Site "Baku"]
[Date "2025.02.05"]
[Round "1.2"]
[White "Mamedjarova, Turkan"]
[Black "Kazimova, Narmin"]
[Result "1-0"]
[Annotator "NA RC"]
[ECO "C22"]
[WhiteElo "2197"]
[BlackElo "2167"]
[PlyCount "59"]
[EventDate "2025.01.08"]
[EventType "k.o."]
[EventCountry "AZE"]
[SourceTitle "playchess.com"]
[Source "ChessBase"]
[SourceQuality "1"]
[TimeControl "40/5400+30:1800+30"]

1. e4 e5 2. Nc3 Nf6 3. d4 exd4 4. Qxd4 Nc6 5. Qe3 Bb4 6. Bd2 O-O 7. O-O-O Re8 8. Bc4 Ne5 9. Bb3 a5 10. a3 Neg4 11. Qg3 a4 12. Ba2 Bc5 13. Nh3 d6 14. Ng5 Re7 15. Rhf1 h6 16. Nxf7 Rxf7 17. h3 Ne5 18. f4 Nh5 19. Qe1 Qe8 20. Bxf7+ Nxf7 21. g4 Nf6 22. g5 Nd7 23. Nd5 Qd8 24. gxh6 Nxh6 25. Bc3 c6 26. Qg3 Ne5 27. Nf6+ Qxf6 28. fxe5 Qe7 29. exd6 Qd7 30. Rf6 1-0